 Dungeon Crawl Stone Soup version 0.18.1-50-g88ac8fd (webtiles) character file.

20444 Amnesiac the Grand Gadgeteer (level 12, -3/86 HPs)
             Began as a Merfolk Fighter on Mar 7, 2018.
             Was the Champion of Pakellas.
             Shot with an arrow by Nessos (13 damage)
             ... on level 13 of the Dungeon.
             The game lasted 00:51:32 (13660 turns).

Amnesiac the Grand Gadgeteer (Merfolk Fighter)     Turns: 13660, Time: 00:51:32

Health: -3/86      AC: 15    Str: 21    XL:     12   Next: 79%
Magic:  18/33      EV: 11    Int:  7    God:    Pakellas [******]
Gold:   703        SH: 10    Dex: 16    Spells: 0 memorised, 11 levels left

rFire  x . .     SeeInvis .     a - +1 rapier
rCold  . . .     Gourm    .     A - +0 scale mail
rNeg   + . .     Faith    .     c - +0 shield
rPois  .         Spirit   .     C - +0 helmet
rElec  .         Dismiss  .     i - +1 cloak
rCorr  .         Reflect  .     H - +0 pair of gloves
SustAt .         Harm     .     D - +0 pair of boots
MR     .....                    l - amulet of regeneration
Stlth  ..........               R - ring of the Monkey's Uncle {rF- rN+ AC+2 Slay+5}
                                s - ring of magical power

@: lethally poisoned (-3 -> -13), not resistant to hostile enchantments,
extremely unstealthy
A: change form in water, swift swim, agile 1
a: Quick Charge, Device Surge, Supercharge, Renounce Religion


You were on level 13 of the Dungeon.
You worshipped Pakellas.
Pakellas was exalted by your worship.
You were very hungry.

You visited 2 branches of the dungeon, and saw 14 of its levels.

You collected 703 gold pieces.

Inventory:

Hand Weapons
 a - a +1 rapier (weapon)
 w - a +4 blowgun
 x - a +3 dagger of distortion
Missiles
 q - 7 curare-tipped needles
 E - 2 throwing nets (quivered)
Armour
 c - a +0 shield (worn)
 i - a +1 cloak (worn)
 A - a +0 scale mail (worn)
 C - a +0 helmet (worn)
 D - a +0 pair of boots (worn)
 H - a +0 pair of gloves (worn)
Rods
 b - a +4 rod of shadows (9/9)
   (Pakellas gifted it to you on level 9 of the Dungeon)
Jewellery
 l - an amulet of regeneration (around neck)
 s - a ring of magical power (left hand)
 R - the ring of the Monkey's Uncle (right hand) {rF- rN+ AC+2 Slay+5}
   (You found it on level 12 of the Dungeon)

   [ring of protection]

   It affects your AC (+2).
   It affects your accuracy and damage with ranged weapons and melee attacks
   (+5).
   It makes you vulnerable to fire.
   It protects you from negative energy.
 S - an uncursed ring of protection from magic
Wands
 g - a wand of confusion (21/48)
 h - a wand of random effects (20/48)
 L - a wand of iceblast (3/15)
 O - a wand of teleportation (8/9)
 P - a wand of acid (11/15)
 U - a wand of iceblast (9/15)
Scrolls
 d - 6 scrolls of remove curse {!r}
 y - 5 scrolls of amnesia {!r}
 B - 2 scrolls of fear {!r}
 F - a scroll of enchant weapon {!r}
 I - 3 scrolls of teleportation {!r}
 K - a scroll of enchant armour {!r}
 Q - 2 scrolls of magic mapping {!r}
 V - a scroll of recharging {!r}
 W - a scroll of acquirement {!r, unknown}
 X - a scroll of identify {!r}
 Y - a scroll of summoning {!r, unknown}
Potions
 e - a potion of brilliance {!q}
 n - 5 potions of might {!q}
 p - a potion of lignification {!q}
 r - 4 potions of heal wounds {!q}
 t - a potion of magic {!q}
 u - 5 potions of curing {!q}
 v - 2 potions of resistance {!q}
 M - a potion of mutation {!q}
 N - 2 potions of haste {!q}
Miscellaneous
 z - a sack of spiders {used: 1}
 G - a phial of floods
 T - a phantom mirror
Comestibles
 f - 3 bread rations
 j - 7 meat rations
 k - 19 royal jellies
 o - a slice of pizza
 J - 4 fruits


   Skills:
 - Level 5.0 Fighting
 - Level 8.0 Short Blades
 - Level 5.0 Armour
 - Level 5.0 Dodging
 - Level 5.0 Shields
 + Level 16.7 Evocations


You had 11 spell levels left.
You didn't know any spells.

Dungeon Overview and Level Annotations

Branches:
Dungeon (13/15)            Temple (1/1) D:4            Lair (0/8) D:10
    Orc (0/2) D:10
 Vaults: D:13-14

Altars:
Ashenzari
Cheibriados
Dithmenos
Elyvilon
Fedhas
Gozag
Kikubaaqudgha
Makhleb
Nemelex Xobeh
Okawaru
Pakellas
Qazlal
Ru
Sif Muna
Trog
Vehumet
Xom
Yredelemnul
Zin
The Shining One

Annotations:
D:6 Amnesiac's ghost, novice MfFi
D:13 Nessos


Innate Abilities, Weirdness & Mutations

You revert to your normal form in water.
You are very nimble and swift while swimming.
You are agile. (Dex +2)


Message History

Done exploring.
Done exploring.
There is an open door here.
You open the door.
There is an open door here.
You see here a giant club.
There is an open door here.
There is a stone staircase leading down here.
You climb downwards.
There is a stone staircase leading up here.
As you open the door, it creaks loudly!
You are feeling very hungry.
You hear a shout!
Found 26 stones.
Found a quarterstaff.
There is an open door here.
Something unseen opens the door.
Nessos the Markscentaur comes into view.
Nessos shouts!
Nessos wields a longbow of flaming.
It bursts into flame!
Nessos shoots an arrow.
The arrow hits you!! The arrow burns you!
You are poisoned.
A troll comes into view.
You see here an arrow.
Evoke which item? (* to show all) (? for menu, Esc to quit)
Zapping:
L - a wand of iceblast (6/15)
Press: ? - help, Shift-Dir - straight line, f - Nessos
Aim: Nessos, wielding a longbow of flaming and wearing a shiny centaur barding The mass of ice explodes!
The iceblast engulfs Nessos.
Nessos is heavily wounded.
The iceblast engulfs the troll.
The troll is heavily wounded.
This wand has 5 charges left.
You feel very sick.
You hear a shout!
Nessos gestures wildly while chanting.
Nessos seems to speed up.
Evoke which item? (* to show all) (? for menu, Esc to quit)
Zapping:
L - a wand of iceblast (5/15)
Press: ? - help, Shift-Dir - straight line, f/p - Nessos
Aim: Nessos, wielding a longbow of flaming and wearing a shiny centaur barding (heavily wounded, fast)
The mass of ice explodes!
The iceblast engulfs the troll.
You kill the troll!
Pakellas accepts your kill.
You feel your power returning.
The iceblast engulfs Nessos.
Nessos is severely wounded.
This wand has 4 charges left.
You feel sick.
Nessos shoots an arrow.
The arrow barely misses you.
Nessos shoots an arrow.
The arrow hits you!
* * * LOW HITPOINT WARNING * * *
The arrow burns you.
* * * LOW HITPOINT WARNING * * *
Evoke which item? (* to show all) (? for menu, Esc to quit)
Zapping:
L - a wand of iceblast (4/15)
Press: ? - help, Shift-Dir - straight line, f/p - Nessos
Aim: Nessos, wielding a longbow of flaming and wearing a shiny centaur barding (severely wounded, fast)
The mass of ice explodes!
The iceblast engulfs Nessos.
Nessos is almost dead.
This wand has 3 charges left.
You feel sick.
You hear a loud, deep croak!
Nessos shoots an arrow.
The arrow hits you!!
* * * LOW HITPOINT WARNING * * *
The arrow burns you!
You die...
Pakellas says: Good help is so hard to find these days!

#.. #####......
#.. ..........
#... ..........
... ......... .c.
.........
##†######........
#.......#........
#...@)..#<......#
#.......'.......#
##....(##.......#
#.....#........#
#.(...#....#####
#####.#....#
###....# .....#
...#


You could see Nessos.

Vanquished Creatures
  A hydra (D:11)
  2 centaur warriors
  Erolcha (D:11)
  Sonja (D:11)
  A skeletal warrior (D:12)
  4 hill giants
  2 slime creatures (D:11)
  2 gargoyles
  A komodo dragon (D:12)
  A queen bee (D:12)
  A troll (D:13)
  Prince Ribbit (D:5)
  A two-headed ogre (D:10)
  2 shadows
  10 yaks
  Sigmund (D:6)
  A wyvern (D:10)
  A wraith (D:12)
  A basilisk (D:11)
  4 hippogriffs
  2 hungry ghosts (D:6)
  A steam dragon (D:8)
  A soldier ant (D:12)
  5 ice beasts
  2 black bears
  8 orc warriors
  An eye of draining (D:8)
  A phantom (D:10)
  13 ogres
  The ghost of Amnesiac the Cutter, an amateur MfFi (D:4)
  3 centaurs
  3 big kobolds
  11 giant frogs
  A scorpion (D:5)
  36 killer bees
  9 electric eels (D:10)
  14 wights
  6 crimson imps
  2 giant frog zombies
  4 jellies
  A gnoll shaman (D:4)
  A centaur skeleton (D:10)
  4 orc priests
  5 hounds
  Crazy Yiuf (D:2)
  A giant frog skeleton (D:7)
  9 orc wizards
  3 iguanas
  Ijyb (D:2)
  Natasha (thrice) (D:2)
  15 worker ants
  A killer bee zombie (D:9)
  A hound zombie (D:9)
  2 hound skeletons (D:4)
  A worker ant zombie (D:8)
  2 gnolls (D:4)
  A howler monkey skeleton (D:10)
  10 adders
  2 shadow imps
  4 oozes
  An adder zombie (D:9)
  2 adder skeletons
  5 worms
  2 dart slugs
  6 giant geckos
  42 orcs
  A ball python (D:3)
  4 bats
  7 giant cockroaches
  12 goblins
  9 hobgoblins
  9 jackals
  6 quokkas
  A giant gecko skeleton (D:5)
  A giant gecko zombie (D:6)
  3 giant newts
  10 kobolds
  3 rats
355 creatures vanquished.

Vanquished Creatures (collateral kills)
  A hydra (D:12)
  3 skeletal warriors (D:12)
  A manticore (D:11)
  An orc warrior (D:7)
  4 killer bees (D:11)
  2 orc wizards
  3 orcs
15 creatures vanquished.

Vanquished Creatures (others)
  The ghost of Amnesiac the Cutter, an amateur MfFi (D:3)
  An orc priest (D:3)
  2 orc wizards
  An orc (D:10)
  A giant cockroach (D:4)
  A goblin (D:2)
  A jackal (D:5)
  A kobold (D:2)
9 creatures vanquished.

Grand Total: 379 creatures vanquished

Notes
Turn   | Place    | Note
--------------------------------------------------------------
     0 | D:1      | Amnesiac the Merfolk Fighter began the quest for the Orb.
     0 | D:1      | Reached XP level 1. HP: 18/18 MP: 1/1
    64 | D:2      | Found a sparkling altar of Nemelex Xobeh.
   243 | D:3      | Reached XP level 2. HP: 24/24 MP: 2/2
   253 | D:3      | Noticed Amnesiac's ghost (amateur MfFi)
   286 | D:4      | HP: 1/25 [poisoned by an adder]
   628 | D:4      | Noticed Amnesiac's ghost (amateur MfFi)
   707 | D:5      | Entered Level 5 of the Dungeon
   810 | D:5      | Reached XP level 3. HP: 4/31 MP: 3/3
   817 | D:5      | HP: 1/31 [adder skeleton (2)]
  1111 | D:4      | Reached XP level 4. HP: 38/38 MP: 4/4
  1136 | D:4      | Noticed an ogre
  1189 | D:5      | Found a stormy altar of Qazlal.
  1196 | D:5      | Reached skill level 1 in Evocations
  1350 | D:5      | Reached skill level 2 in Evocations
  1350 | D:5      | Reached XP level 5. HP: 36/43 MP: 5/7
  1449 | D:5      | Noticed Prince Ribbit
  1459 | D:5      | Killed Prince Ribbit
  1459 | D:5      | Reached skill level 5 in Evocations
  1459 | D:5      | Reached XP level 6. HP: 49/50 MP: 7/9
  1472 | D:5      | Reached XP level 7. HP: 55/55 MP: 8/11
  1500 | D:4      | Found a staircase to the Ecumenical Temple.
  1506 | Temple   | Entered the Ecumenical Temple
  1532 | Temple   | Became a worshipper of Pakellas the Inventive
  1577 | D:4      | Reached skill level 6 in Evocations
  1653 | D:2      | Found a glowing golden altar of the Shining One.
  1804 | D:1      | Reached * piety under Pakellas
  1804 | D:1      | Received a gift from Pakellas
  1858 | D:1      | Reached skill level 5 in Fighting
  2237 | D:2      | Found a shadowy altar of Dithmenos.
  2272 | D:2      | Noticed Crazy Yiuf
  2282 | D:2      | Killed Crazy Yiuf
  2379 | D:2      | Noticed Ijyb
  2398 | D:2      | Killed Ijyb
  2398 | D:2      | Reached skill level 1 in Dodging
  2481 | D:2      | Found an opulent altar of Gozag.
  2486 | D:2      | Found a snail-covered altar of Cheibriados.
  2632 | D:2      | Found a sacrificial altar of Ru.
  2741 | D:2      | Reached ** piety under Pakellas
  2741 | D:2      | Received a gift from Pakellas
  3005 | D:2      | Noticed Natasha
  3007 | D:2      | Killed Natasha
  3131 | D:3      | Banished Amnesiac's ghost
  3501 | D:3      | Reached XP level 8. HP: 62/62 MP: 12/12
  3577 | D:2      | Found a sacrificial altar of Ru.
  3592 | D:2      | Reached skill level 5 in Dodging
  3909 | D:2      | Found a shadowy altar of Dithmenos.
  4045 | D:2      | Noticed Natasha
  4051 | D:2      | Killed Natasha
  4097 | D:2      | Found a sparkling altar of Nemelex Xobeh.
  4182 | D:2      | Found an opulent altar of Gozag.
  4186 | D:2      | Found a snail-covered altar of Cheibriados.
  4192 | D:2      | Found an opulent altar of Gozag.
  4278 | D:2      | Found a shadowy altar of Dithmenos.
  4278 | D:2      | Noticed Natasha
  4479 | D:2      | Found a sacrificial altar of Ru.
  4656 | D:2      | Found a sparkling altar of Nemelex Xobeh.
  4708 | D:2      | Killed Natasha
  4726 | D:2      | Found a glowing golden altar of the Shining One.
  5131 | D:4      | Found a shattered altar of Ashenzari.
  5693 | D:4      | Killed Amnesiac's ghost
  5849 | D:5      | Reached *** piety under Pakellas
  5849 | D:5      | Received a gift from Pakellas
  6115 | D:6      | Noticed Sigmund
  6119 | D:6      | Killed Sigmund
  6119 | D:6      | Reached skill level 5 in Armour
  6159 | D:6      | Gained mutation: You are agile. (Dex +2) [mutagenic glow]
  6363 | D:6      | Found a bloodstained altar of Trog.
  6381 | D:6      | Reached XP level 9. HP: 64/68 MP: 13/13
  6443 | D:6      | Reached skill level 5 in Shields
  6507 | D:6      | Noticed Amnesiac's ghost (novice MfFi)
  6512 | D:6      | Reached skill level 7 in Evocations
  6854 | D:7      | Found a white marble altar of Elyvilon.
  6881 | D:7      | Reached skill level 8 in Evocations
  7297 | D:7      | Reached skill level 9 in Evocations
  7330 | D:7      | Found a deep blue altar of Sif Muna.
  7558 | D:8      | Reached skill level 5 in Short Blades
  7810 | D:7      | Reached XP level 10. HP: 68/74 MP: 12/16
  7952 | D:8      | Reached **** piety under Pakellas
  7952 | D:8      | Received a gift from Pakellas
  8294 | D:8      | Found a burning altar of Makhleb.
  8305 | D:8      | Found a glowing silver altar of Zin.
  8305 | D:8      | Noticed an angel
  8305 | D:8      | Noticed a balrug
  8489 | D:9      | Found a white marble altar of Elyvilon.
  8598 | D:9      | Reached skill level 10 in Evocations
  9274 | D:9      | Reached skill level 11 in Evocations
  9288 | D:9      | Noticed a centaur warrior
  9326 | D:9      | Killed a centaur warrior
  9326 | D:9      | Reached ***** piety under Pakellas
  9326 | D:9      | Received a gift from Pakellas
  9512 | D:9      | Found a glowing golden altar of the Shining One.
  9558 | D:10     | Entered Level 10 of the Dungeon
  9620 | D:10     | Found a staircase to the Orcish Mines.
  9622 | D:10     | Noticed a gargoyle
  9633 | D:10     | Killed a gargoyle
  9633 | D:10     | Reached XP level 11. HP: 79/79 MP: 19/19
  9677 | D:10     | Reached skill level 12 in Evocations
  9693 | D:10     | Noticed a hill giant
  9766 | D:10     | Killed a hill giant
 10121 | D:10     | Found a staircase to the Lair.
 10475 | D:10     | Reached skill level 13 in Evocations
 11463 | D:11     | Noticed Erolcha
 11486 | D:11     | Killed Erolcha
 11628 | D:11     | Noticed Sonja
 11643 | D:11     | Killed Sonja
 11643 | D:11     | Reached skill level 14 in Evocations
 11677 | D:11     | Identified a +4 rod of shadows (9/9) (Pakellas gifted it to you on level 9 of the Dungeon)
 11723 | D:11     | Noticed a manticore
 11732 | D:11     | Killed a manticore
 12002 | D:11     | Noticed a seven-headed hydra
 12003 | D:11     | Noticed a centaur warrior
 12004 | D:11     | Killed a centaur warrior
 12004 | D:11     | Reached XP level 12. HP: 86/86 MP: 23/23
 12005 | D:11     | Killed a seven-headed hydra
 12005 | D:11     | Reached skill level 15 in Evocations
 12273 | D:12     | Got a pitted bone ring
 12349 | D:11     | Identified the ring of the Monkey's Uncle {rF- rN+ AC+2 Slay+5} (You found it on level 12 of the Dungeon)
 12703 | D:12     | Reached ****** piety under Pakellas
 13078 | D:12     | Reached skill level 16 in Evocations
 13265 | D:12     | Noticed a four-headed hydra
 13272 | D:12     | Killed a four-headed hydra
 13657 | D:13     | Noticed Nessos
 13660 | D:13     | Shot with an arrow by Nessos

Skill      XL: |  1  2  3  4  5  6  7  8  9 10 11 12 |
---------------+-------------------------------------+-----
Short Blades   | 3 6 8 |  8.0
Fighting       | 4 5 |  5.0
Evocations     | 2 5 6 9 11 14 16 | 16.7
Dodging        | 4 5 |  5.0
Armour         | 5 |  5.0
Shields        | 4 5 |  5.0

Action                   |  1- 3 |  4- 6 |  7- 9 | 10-12 || total
-------------------------+-------+-------+-------+-------++-------
Melee: Rapier            |    71 |    20 |   443 |  1194 ||  1728
       Dagger            |       |       |   214 |       ||   214
       Tailslap          |       |       |     1 |     4 ||     5
 Fire: Blowgun           |       |       |       |     8 ||     8
Invok: Quick Charge      |       |       |     3 |     5 ||     8
       Device Surge      |       |       |       |     1 ||     1
Evoke: Wand              |       |    15 |    29 |   121 ||   165
       Sack of spiders   |       |       |     1 |       ||     1
       Rod               |       |       |       |     6 ||     6
       Deck              |       |       |       |    21 ||    21
  Use: Scroll            |     3 |     1 |    12 |     4 ||    20
       Potion            |     1 |       |     9 |       ||    10
 Stab: Confused          |       |       |    13 |   105 ||   118
  Eat: Chunk             |       |     2 |    23 |    19 ||    44
       Fruit             |       |       |     1 |       ||     1
       Beef jerky        |       |       |       |     2 ||     2
Armor: Scale mail        |    47 |     3 |   191 |   342 ||   583
Dodge: Dodged            |    35 |     7 |   187 |   404 ||   633
Block: Shield            |    49 |    12 |   284 |   520 ||   865
